 Dungeon Crawl Stone Soup version 0.22.0-16-gc6d26f6 (webtiles) character file.

31 sking99 the Insei (level 3, 0/23 HPs)
             Began as an Octopode Transmuter on Aug 17, 2018.
             Slain by a hobgoblin
             ... wielding a +0 club
              (7 damage)
             ... on level 2 of the Dungeon.
             The game lasted 00:02:53 (1403 turns).

sking99 the Insei (Octopode Transmuter)             Turns: 1403, Time: 00:02:53

Health: 0/23       AC:  1    Str:  9    XL:     3   Next: 22%
Magic:  6/6        EV: 13    Int: 15    God:
Gold:   52         SH:  0    Dex: 13    Spells: 0/6 levels left

rFire    . . .     SeeInvis .     - Unarmed
rCold    . . .     Gourm    .   (no shield)
rNeg     . . .     Faith    .   (helmet restricted)
rPois    .         Spirit   .   (no amulet)
rElec    .         Reflect  .   (no ring)
rCorr    .         Harm     .   (no ring)
MR       .....                  (no ring)
Stlth    ++........             (no ring)
HPRegen  0.07/turn              (no ring)
MPRegen  0.10/turn              (no ring)
                                (no ring)
                                (no ring)

@: no status effects
A: almost no armour, stealthy swim, amphibious, 8 rings, constrict 8, camouflage
1, gelatinous body 1
a: no special abilities


You were on level 2 of the Dungeon.
You were not hungry.

You visited 1 branch of the dungeon, and saw 2 of its levels.

You collected 52 gold pieces.

Inventory:

Missiles
 a - 38 arrows
Scrolls
 b - a scroll of teleportation {unknown}
 i - a scroll of amnesia {unknown}
Potions
 d - a potion of cancellation {unknown}
 g - a potion of degeneration {unknown}
 h - a potion of magic {unknown}
Comestibles
 c - a ration
 f - 2 chunks of flesh


   Skills:
 - Level 1.0 Fighting
 - Level 2.0 Dodging
 - Level 4.0 Unarmed Combat
 + Level 2.1 Spellcasting
 + Level 2.1 Transmutations
 + Level 0.4 Poison Magic


You couldn't memorise any spells.
You knew the following spells:

 Your Spells              Type           Power        Failure   Level  Hunger
a - Beastly Appendage     Tmut           #.....       10%         1    #......
b - Sticks to Snakes      Tmut           #.......     14%         2    ###....
c - Spider Form           Tmut/Pois      #.........   36%         3    ###....

Your spell library contained the following spells:

 Spells                   Type           Power        Failure   Level  Hunger
 Blade Hands              Tmut           #.........   95%         5    ######.
 Ice Form                 Ice/Tmut       #.......     80%         4    #####..


Dungeon Overview and Level Annotations

Branches:
Dungeon (2/15)

Altars:


Innate Abilities, Weirdness & Mutations

You cannot wear most types of armour.
You are very stealthy in the water. (Stealth+)
You are amphibious.
You can wear up to eight rings at the same time.
You can use your tentacles to constrict eight enemies at once.
Your skin changes colour to match your surroundings (Stealth+).
Your rubbery body absorbs attacks. (AC +1, EV +1)


Message History

You constrict the goblin, but do no damage.
The goblin hits you. The rat misses you.
You tentacle-slap the goblin.
You kill the goblin!
The hobgoblin closely misses you.
You barely miss the rat. Your grab misses the rat. The rat barely misses you.
The hobgoblin completely misses you.
You closely miss the rat. You grab the rat. You constrict the rat.
The rat barely misses you. The hobgoblin hits you with a club.
You tentacle-slap the rat.
You kill the rat!
The hobgoblin closely misses you.
You tentacle-slap the hobgoblin. Your grab misses the hobgoblin.
The hobgoblin is almost dead.
The hobgoblin hits you with a club.
You barely miss the hobgoblin. You grab the hobgoblin.
The hobgoblin is almost dead.
You constrict the hobgoblin, but do no damage.
The hobgoblin hits you with a club!
You die...

###.###.#.#
#......(#.##
.##....... ..
..........#.#
#.....##..#
#....<.#.(#
####..(#..##
##..(...#
##@##..#
#..g)....#
#........#
#........#
....%.....#
###.........#
..........#
##.........#


You could see a hobgoblin.

Vanquished Creatures
  A dart slug (D:1)
  3 leopard geckos (D:1)
  5 bats (D:1)
  A giant cockroach (D:1)
  A goblin (D:2)
  3 hobgoblins (D:1)
  3 frilled lizards (D:1)
  4 kobolds
  4 rats
25 creatures vanquished.

Notes
Turn   | Place    | Note
-------+----------+-------------------------------------------
     0 | D:1      | sking99 the Octopode Transmuter began the quest for the Orb.
     0 | D:1      | Reached XP level 1. HP: 13/13 MP: 3/3
   284 | D:1      | Reached XP level 2. HP: 18/18 MP: 5/5
  1007 | D:1      | Reached skill level 4 in Unarmed Combat
  1007 | D:1      | Reached XP level 3. HP: 23/23 MP: 6/6
  1011 | D:1      | Learned a level 2 spell: Sticks to Snakes
  1015 | D:1      | Learned a level 3 spell: Spider Form
  1403 | D:2      | Slain by a hobgoblin

Skill      XL: |  1  2 |
---------------+-------+-----
Unarmed Combat | 4 |  4.0
Fighting       | |  1.0
Dodging        | |  2.0
Spellcasting   | |  2.1
Transmutations | |  2.1
Poison Magic   | |  0.4

Action                   || total
-------------------------++-------
Melee: Unarmed           ||    54
       Constrict         ||    13
       Tentacles         ||     8
       Punch             ||     3
  Use: Scroll            ||     1
 Stab: Sleeping          ||    10
  Eat: Chunk             ||     1
Armor: Skin              ||     3
Dodge: Dodged            ||    35
